 Dungeon Crawl Stone Soup version 0.31.0-9-g3a7656b989 (webtiles) character file.

Game seed: 14985698972318103856

166 qw the Shooter (level 5, -6/26 HPs)
             Began as a Spriggan Hunter on Feb 2, 2024.
             Mangled by a gnoll
             ... wielding a +0 spear
              (7 damage)
             ... on level 3 of the Dungeon.
             The game lasted 00:00:07 (1319 turns).

qw the Shooter (Spriggan Hunter)                    Turns: 1319, Time: 00:00:08

Health: -6/26      AC:  2    Str:  7    XL:     5   Next: 22%
Magic:  6/6        EV: 20    Int: 10    God:
Gold:   162        SH:  0    Dex: 21    Spells: 4/4 levels left

rFire   . . .        a - +0 shortbow
rCold   . . .        (shield currently unavailable)
rNeg    . . .        c - +0 robe
rPois   .            (helmet restricted)
rElec   .            (no cloak)
rCorr   .            (gloves unavailable)
SInv    +            (boots unavailable)
Will    .....        (no amulet)
Stlth   ++           (no ring)
HPRegen 0.24/turn    (no ring)
MPRegen 0.10/turn

%: no passive effects
@: very quick
A: very small, no large weapons, unfitting armour, see invisible, speed 3
a: no special abilities


You were on level 3 of the Dungeon.
You visited 1 branch of the dungeon, and saw 3 of its levels.

You collected 162 gold pieces.


Innate Abilities, Weirdness & Mutations

You are very small and have problems with some larger weapons.
You are too small for most types of armour.
You have supernaturally acute eyesight. (SInv)
You cover ground extremely quickly. (Speed+++)


   Skills:
 - Level 2.1 Fighting
 + Level 5.3 Ranged Weapons
 - Level 5.1 Dodging
 - Level 1.5 Stealth


You had 4 spell levels left.
You didn't know any spells.
Your spell library was empty.

Inventory:

Hand Weapons
 a - a +0 shortbow (weapon)
Armour
 c - a +0 robe (worn)
Scrolls
 b - a scroll of blinking {unknown}
Potions
 e - a potion of ambrosia {unknown}
 g - a potion of magic {unknown}

Dungeon Overview and Level Annotations

Branches:
Dungeon (3/15)

Altars:
Vehumet

Shops:
D:1 =


Message History

The arrow hits the hound but does no damage.
The hound is heavily wounded.
The hound barely misses you.
The gnoll hits you from afar with a +0 spear.
You shoot an arrow. The arrow misses the hound.
The arrow hits the hound.
You kill the hound!
The hound completely misses you.
The gnoll hits you from afar with a +0 spear!
The hound barely misses you.
Your Fighting skill increases to level 2!
You shoot an arrow.
The arrow hits the hound but does no damage.
The hound is heavily wounded.
The hound misses you.
The gnoll hits you from afar with a +0 spear.
The hound misses you. The gnoll misses you.
You shoot an arrow. The arrow misses the hound.
The hound bites you. The gnoll misses you. The hound barely misses you.
You shoot an arrow. The arrow barely misses the hound.
The hound closely misses you. The gnoll closely misses you.
You shoot an arrow.
The arrow hits the hound but does no damage.
The hound is heavily wounded.
The hound closely misses you. The hound bites you.
The gnoll closely misses you.
You shoot an arrow. The arrow hits the hound!
You kill the hound!
The gnoll throws a throwing net.
The throwing net closely misses you.
You have reached level 5!
You feel agile.
You shoot an arrow. The arrow hits the gnoll!
The gnoll is almost dead.
The gnoll completely misses you.
You shoot an arrow.
The arrow hits the gnoll but does no damage.
The gnoll is almost dead.
The gnoll hits you from afar with a +0 spear.
You shoot an arrow.
The arrow hits the gnoll but does no damage.
The gnoll is almost dead.
The gnoll hits you from afar with a +0 spear!
You die...

#### #..# #..#
#+#+#P.##
#...'...####
#...#P..g..# #..
#...#.## ##
#...#@#
#.#######.#.#.# ##
#.......#.#.#.#
.#########.#.#.#.#
.+.........#.#.#.#
.#####...##..#.#.#
.+.............#..
.##.~~~~~~~....#.#
###...~~~~~~...#


You could see a gnoll.

Vanquished Creatures
  2 hounds (D:3)
  An orc wizard (D:3)
  2 adders
  A dart slug (D:2)
  2 orcs (D:3)
  2 endoplasms (D:1)
  5 giant cockroaches
  3 goblins
  7 hobgoblins
  3 jackals (D:1)
  4 kobolds
  12 ball pythons
  7 bats
  5 frilled lizards
  5 rats
61 creatures vanquished.

Notes
Turn   | Place    | Note
-------+----------+-------------------------------------------
     0 | D:1      | qw the Spriggan Hunter began the quest for the Orb.
     0 | D:1      | Reached XP level 1. HP: 10/10 MP: 2/2
     0 | D:1      | 0 ||| qw: Version: 0.3-a-155-g5e7d8dd
     0 | D:1      | 0 ||| qw: Game counter: 2784
     0 | D:1      | 0 ||| qw: Melee chars always use a shield: true
     0 | D:1      | 0 ||| qw: God list: Okawaru
     0 | D:1      | 0 ||| qw: Allow faded altars: false
     0 | D:1      | 0 ||| qw: Do Orc after clearing Dungeon:15 true
     0 | D:1      | 0 ||| qw: Do second Lair branch before Depths: true
     0 | D:1      | 0 ||| qw: Lair rune preference: random
     0 | D:1      | 0 ||| qw: Goals: Normal
     0 | D:1      | 0 ||| PLANNING D:1-11
    29 | D:1      | HP: 2/10 [jackal (2)]
    32 | D:1      | Reached skill level 3 in Dodging
   167 | D:1      | Reached XP level 2. HP: 14/14 MP: 3/3
   375 | D:1      | Found Ocrele's Jewellery Boutique.
   389 | D:1      | 389 ||| SHOPLISTING amulet "Osay" {Rampage *Slow rPois
                  | Regen+} (462 gold, have 70).
   389 | D:1      | 389 ||| SHOPLISTING amulet of guardian spirit (390 gold,
                  | have 70).
   389 | D:1      | 389 ||| SHOPLISTING ring "Majahicw" {rElec rC+} (507 gold,
                  | have 70).
   389 | D:1      | 389 ||| SHOPLISTING ring of ice (325 gold, have 70).
   389 | D:1      | 389 ||| SHOPLISTING ring of protection from cold (325 gold,
                  | have 70).
   447 | D:1      | Reached XP level 3. HP: 18/18 MP: 4/4
   548 | D:1      | 548 ||| READING scroll labelled PIESHI IQ PADAENO.
   548 | D:1      | 548 ||| ENCHANTING +0 shortbow.
   549 | D:1      | 549 ||| READING scroll labelled ZAEMAWK NUUHAR.
   550 | D:1      | 550 ||| READING scroll labelled BIASIVUMAGG.
   553 | D:1      | 553 ||| READING scroll labelled HISIRH PAOS.
   554 | D:1      | 554 ||| DROPPING scroll of butterflies.
   851 | D:2      | Found a faded altar of an unknown god.
  1045 | D:3      | Reached XP level 4. HP: 22/22 MP: 5/5
  1057 | D:3      | HP: 4/22 [orc wizard/magic dart (7)]
  1265 | D:3      | Found a radiant altar of Vehumet.
  1298 | D:3      | 1298 ||| RETREEEEATING.
  1299 | D:3      | 1299 ||| RETREEEEATING.
  1300 | D:3      | 1300 ||| RETREEEEATING.
  1302 | D:3      | 1302 ||| RETREEEEATING.
  1304 | D:3      | 1304 ||| RETREEEEATING.
  1312 | D:3      | HP: 4/23 [gnoll/+0 spear (5)]
  1317 | D:3      | Reached XP level 5. HP: 2/26 MP: 6/6
  1318 | D:3      | HP: 1/26 [gnoll/+0 spear (2)]
  1319 | D:3      | Mangled by a gnoll

Levels and vault maps discovered:
D:1:      saegor_arrival_simple_a, layout_basic, serial_shops, shop,
          minmay_shallow_snake_nest
D:2:      layout_rooms, nicolae_ecumenical_snake_handling
D:3:      layout_basic, mainiacjoe_overflow_catwalk,
          nicolae_overflow_crystal_walls, general_overflow_altar,
          nicolae_hepliaklqana_hazy_memory, nrook_mini_vaults,
          cheibrodos_gnoll_hut

Skill      XL: |  1  2  3  4 |
---------------+-------------+-----
Dodging        | 3 4 5 |  5.1
Ranged Weapons | 5 |  5.3
Fighting       | 2 |  2.1
Stealth        | |  1.5

Action                     |  1- 3 |  4- 6 || total
---------------------------+-------+-------++-------
   Fire: Shortbow          |   133 |    39 ||   172
    Use: Scroll            |     4 |       ||     4
 Armour: Robe              |    15 |    14 ||    29
  Dodge: Dodged            |    57 |    40 ||    97

Table legend:
 A = Non-vault XP
 B = Vault XP
 C = Vault XP percentage of total XP
 D = Non-vault monster count
 E = Vault monster count
 F = Vault count percentage of total count
                 A         B        C        D         E       F
            +---------+---------+-------+---------+---------+-------
      Total |     132 |     106 |  44.5 |      52 |       9 |  14.8
            +---------+---------+-------+---------+---------+-------
        D:1 |      42 |       5 |  10.6 |      26 |       3 |  10.3
        D:2 |      32 |      16 |  33.3 |      20 |       4 |  16.7
        D:3 |      58 |      85 |  59.4 |       6 |       2 |  25.0
            +---------+---------+-------+---------+---------+-------
